Map: Tourmaline LE

Players

HoldTheDoor

  • Race: Protoss Protoss
  • League: Diamond
  • Spawn Location: 7:00

Lamartine - Winner!

  • Race: Protoss Protoss
  • League: Diamond
  • Spawn Location: 1:00

VOD

Have the link to the VOD?

Description

Time

  • Played on: May 1, 2026, 10:29 a.m.
  • Length: 23:59
Show
View Real Time Build Order
Export as new Build Order

HoldTheDoor Protoss 

Build Orders: Carriers 

Get SALT Encoding   

  12  0:00  Probe  
  13  0:12  Probe  
  14  0:17  Pylon  
  14  0:23  Probe  
  15  0:32  Probe  
  15  0:39  Gateway  
  15  0:40  Probe  
  16  0:48  Assimilator  
  17  1:02  Forge  
  17  1:14  Probe  
  18  1:19  Zealot  
  20  1:53  Probe  
  21  1:58  Photon Cannon  
  21  2:05  Probe, Pylon  
  22  2:08  Assimilator  
  22  2:17  Probe  
  20  2:37  Probe  
  20  2:43  Cybernetics Core  
  21  2:46  Pylon  
  21  2:49  Probe  
  22  3:07  Pylon  
  22  3:08  Probe  
  23  3:13  Stalker  
  23  3:15  Gateway  
  23  3:22  Stargate  
  25  3:28  Warp Gate  
  25  3:35  Probe  
  25  3:39  Stalker  
  26  3:47  Probe  
  29  3:50  Shield Battery  
  29  3:59  Probe  
  30  4:06  Photon Cannon, Phoenix  
  32  4:15  Probe  
  33  4:26  Pylon  
  33  4:29  Phoenix, Probe  
  36  4:46  Phoenix  
  36  4:56  Pylon  
  36  5:47  Probe  
  35  5:59  Probe  
  35  6:00  Nexus, Phoenix  
  35  6:04  Robotics Facility  
  38  6:07  Twilight Council  
  38  6:11  Pylon  
  38  6:13  Gateway  
  38  6:14  Probe  
  38  6:15  Gateway  
  39  6:25  Phoenix  
  41  6:27  Probe  
  41  6:28  Photon Cannon  
  41  6:30  Pylon  
  41  6:31  Protoss Ground Weapons Level 1  
  42  6:38  Protoss Air Weapons Level 1  
  42  6:39  Probe  
  43  6:46  Blink  
  43  6:52  Probe  
  43  6:53  Observer  
  45  7:03  Zealot  
  45  7:04  Probe, Assimilator  
  45  7:05  Stalker  
  50  7:15  Shield Battery  
  50  7:21  Pylon  
  50  7:24  Stalker  
  50  7:27  Probe  
  50  7:28  Probe  
  54  7:47  Probe, Fleet Beacon  
  55  7:52  Assimilator  
  55  7:53  Pylon  
  55  7:57  Photon Cannon  
  55  7:58  Probe  
  56  8:18  Protoss Ground Armor Level 1, Stalker x4  
  64  8:22  Photon Cannon  
  64  8:27  Probe, Shield Battery  
  65  8:32  Probe  
  66  8:40  Protoss Air Armor Level 1  
  66  8:44  Pylon  
  65  8:55  Photon Cannon  
  65  9:00  Stalker x2  
  69  9:03  Sentry  
  69  9:04  Sentry  
  69  9:06  Probe  
  74  9:15  Probe  
  75  9:28  Nexus  
  75  9:31  Pylon  
  75  9:44  Carrier  
  81  9:47  Probe  
  81  9:49  Observer  
  83  9:57  Probe  
  83  9:59  Stalker x2  
  88  10:02  Sentry  
  88  10:05  Probe  
  91  10:17  Stalker  
  93  10:26  Stargate  
  93  10:27  Stargate  
  93  10:29  Pylon  
  93  10:33  Photon Cannon, Probe  
  93  10:34  Probe  
  95  10:40  Assimilator  
  95  10:44  Photon Cannon  
  95  10:46  Probe  
  96  10:52  Pylon, Probe  
  97  11:01  Carrier  
  97  11:03  Probe  
  104  11:05  Probe x2  
  106  11:15  Probe  
  106  11:17  Probe  
  108  11:19  Probe  
  108  11:21  Assimilator  
  108  11:25  Photon Cannon  
  109  11:26  Shield Battery  
  109  11:28  Probe  
  109  11:29  Shield Battery  
  110  11:37  Carrier  
  122  11:47  Carrier  
  122  11:51  Charge  
  122  11:53  Zealot  
  124  11:55  Zealot  
  124  11:58  Zealot  
  124  12:01  Zealot  
  130  12:02  Probe  
  130  12:03  Probe  
  130  12:04  Probe  
  133  12:14  Probe  
  133  12:15  Carrier  
  140  12:21  Templar Archives  
  140  12:22  Probe  
  141  12:23  Probe  
  142  12:33  Zealot x2  
  142  12:34  Zealot  
  148  12:39  Protoss Ground Armor Level 2  
  148  12:40  Pylon  
  148  12:45  Pylon  
  148  12:48  Pylon x2  
  148  12:57  Anion Pulse-Crystals  
  148  12:59  Observer, Protoss Air Armor Level 2  
  148  13:04  Carrier  
  151  13:20  Stalker x2  
  151  13:21  Stalker x2  
  153  13:36  Carrier  
  159  13:44  Nexus  
  159  13:46  Pylon  
  159  13:50  Photon Cannon  
  159  13:52  Probe  
  160  13:59  Carrier  
  160  14:02  Stalker  
  168  14:04  Stalker  
  168  14:08  Stalker  
  172  14:13  Stalker  
  174  14:21  Photon Cannon  
  174  14:24  Photon Cannon, Shield Battery  
  174  14:26  Pylon  
  174  14:32  Zealot x3  
  179  14:48  Photon Cannon  
  179  14:55  Photon Cannon  
  179  14:57  Pylon  
  179  14:59  Gateway  
  179  15:01  Gateway  
  179  15:02  Probe x2  
  179  15:04  Stalker x2  
  185  15:13  High Templar x2  
  189  15:17  Archon  
  189  15:34  Gateway  
  189  15:35  Gateway  
  189  15:38  Gateway  
  189  15:40  Gateway  
  189  15:42  Pylon  
  189  15:46  Gateway x2  
  189  15:49  Gateway  
  189  15:51  Gateway  
  189  15:52  Pylon x2  
  189  16:03  Zealot x4  
  196  16:28  Stalker  
  196  16:29  Stalker  
  200  16:40  Assimilator  
  200  16:43  Protoss Ground Armor Level 3  
  200  16:44  Assimilator  
  200  16:46  Pylon  
  200  16:49  Pylon  
  200  16:52  Pylon  
  200  16:55  Pylon  
  200  16:57  Photon Cannon  
  200  16:59  Protoss Air Weapons Level 2  
  200  17:03  Photon Cannon  
  151  17:41  Tempest x3  
  144  17:57  Stalker x5  
  144  17:58  Stalker x9  
  128  18:21  Stalker x7  
  128  18:22  Stalker  
  144  18:27  Pylon  
  118  18:50  Stalker x3  
  118  18:51  Stalker x5  
  118  18:52  Stalker  
  136  19:08  Tempest x2  
  142  19:16  Stalker x3  
  148  19:41  Stalker x3  
  148  19:42  Stalker x4  
  160  19:48  Pylon  
  156  19:56  Stalker x2  
  160  20:00  Pylon  
  160  20:01  Stalker  
  162  20:09  Tempest  
  166  20:24  Nexus  
  102  20:52  Stalker  
  102  20:53  Stalker x6  
  102  20:54  Stalker  
  102  20:55  High Templar  
  98  20:57  High Templar  
  98  21:01  Archon  
  98  21:03  High Templar x2  
  98  21:04  High Templar x2  
  108  21:08  Archon x2  
  108  21:11  Tempest  
  112  21:22  Probe  
  113  21:27  Tempest  
  113  21:30  Pylon  
  117  21:34  Pylon  
  117  21:35  Probe  
  117  21:36  Probe  
  117  21:37  Pylon  
  119  21:47  Assimilator  
  119  21:51  High Templar x2  
  119  21:52  High Templar x4  
  131  22:03  Stalker x3  
  131  22:05  Archon x3  
  137  22:19  Assimilator  
  137  22:29  Photon Cannon  
  137  22:47  Pylon  
  137  22:49  Photon Cannon  
  137  22:54  Photon Cannon, Stalker x2, Observer  
  137  22:55  Stalker x4, Photon Cannon  
  137  22:58  Photon Cannon  
  149  23:00  Photon Cannon  
  149  23:01  Shield Battery x2  
  149  23:05  Shield Battery  
  150  23:08  Observer  
  133  23:25  Stalker x7  
  133  23:26  Stalker x2  
  75  23:42  Stalker x2  
  75  23:43  Stalker x3  
Show
View Real Time Build Order
Export as new Build Order

Lamartine Protoss - Winner!

Build Orders: Carriers 

Get SALT Encoding   

  12  0:00  Probe  
  13  0:12  Probe  
  14  0:18  Pylon  
  14  0:24  Probe  
  15  0:32  Probe  
  15  0:40  Probe  
  16  0:43  Forge  
  17  0:57  Pylon  
  17  1:03  Pylon  
  17  1:19  Photon Cannon  
  17  1:21  Pylon  
  17  1:31  Photon Cannon  
  16  1:38  Pylon  
  16  1:51  Probe  
  16  1:57  Gateway  
  16  1:59  Probe  
  16  2:07  Probe  
  17  2:15  Assimilator  
  16  2:48  Probe, Cybernetics Core  
  17  2:53  Assimilator  
  17  2:59  Probe  
  18  3:07  Probe  
  18  3:11  Nexus  
  19  3:15  Probe  
  20  3:27  Probe  
  21  3:39  Probe  
  22  3:43  Stargate  
  22  3:45  Pylon  
  22  3:51  Probe  
  23  3:57  Stalker  
  25  4:03  Probe  
  26  4:15  Probe  
  26  4:18  Pylon  
  26  4:23  Robotics Facility  
  26  4:24  Oracle  
  29  4:40  Photon Cannon  
  29  4:46  Shield Battery  
  29  4:50  Zealot  
  31  4:56  Probe x2  
  33  5:11  Immortal  
  36  5:29  Photon Cannon  
  36  5:30  Stalker  
  36  5:50  Phoenix  
  36  6:13  Probe x2  
  36  6:15  Phoenix  
  40  6:19  Observer  
  40  6:25  Probe  
  42  6:32  Probe  
  43  6:35  Warp Gate  
  43  6:37  Probe  
  44  6:43  Phoenix  
  44  6:44  Probe  
  47  6:49  Probe  
  48  6:56  Probe  
  48  7:00  Phoenix  
  49  7:01  Probe  
  53  7:08  Probe  
  53  7:13  Probe  
  54  7:17  Pylon, Assimilator  
  54  7:19  Assimilator  
  54  7:23  Pylon  
  54  7:33  Pylon  
  54  7:35  Phoenix, Probe x2  
  58  7:47  Probe  
  59  7:53  Zealot  
  59  7:57  Probe  
  62  7:59  Probe  
  62  8:00  Phoenix, Pylon  
  62  8:05  Gateway  
  65  8:09  Probe  
  65  8:11  Probe  
  67  8:21  Probe  
  67  8:22  Observer  
  67  8:23  Probe  
  67  8:25  Phoenix  
  72  8:34  Probe  
  73  8:35  Probe  
  73  8:36  Twilight Council  
  74  8:42  Pylon  
  74  8:46  Probe  
  74  8:48  Probe  
  76  8:58  Probe  
  76  9:00  Probe  
  78  9:10  Probe  
  78  9:11  Phoenix  
  78  9:12  Nexus, Probe  
  78  9:13  Pylon  
  78  9:15  Protoss Ground Weapons Level 1  
  82  9:17  Charge  
  82  9:29  Protoss Air Weapons Level 1  
  82  9:31  Zealot x2  
  82  9:36  Phoenix  
  88  9:41  Gateway  
  88  9:42  Gateway  
  88  9:50  Gateway  
  88  9:55  Stargate  
  88  10:01  Phoenix  
  88  10:05  Photon Cannon  
  90  10:07  Photon Cannon  
  90  10:09  Shield Battery  
  90  10:11  Shield Battery  
  90  10:23  Pylon  
  90  10:40  Probe x3  
  93  10:44  Phoenix x2  
  97  10:51  Fleet Beacon  
  97  10:52  Probe x2  
  97  10:55  Observer  
  100  11:07  Probe  
  100  11:08  Probe x2  
  100  11:09  Phoenix  
  100  11:11  Assimilator  
  105  11:16  Assimilator  
  105  11:19  Probe  
  105  11:20  Probe x2  
  105  11:23  Protoss Shields Level 1  
  108  11:26  Zealot x4  
  108  11:27  Zealot  
  108  11:29  Phoenix  
  120  11:34  Phoenix  
  122  11:51  Protoss Air Weapons Level 2  
  122  12:07  Zealot  
  124  12:15  Nexus  
  124  12:17  Pylon x2  
  124  12:21  Pylon  
  124  12:23  Pylon  
  124  12:24  Pylon  
  124  12:25  Cybernetics Core  
  124  12:26  Pylon  
  124  12:35  Phoenix x2  
  128  12:46  Pylon  
  128  12:58  Pylon  
  128  13:00  Phoenix  
  130  13:07  Pylon  
  126  13:34  Carrier x2  
  126  13:48  Probe x2  
  126  13:49  Probe x2, Stargate  
  126  13:50  Stargate  
  126  13:53  Stargate  
  126  13:55  Protoss Air Armor Level 1  
  130  14:00  Probe  
  130  14:01  Stargate  
  130  14:02  Zealot x2  
  133  14:03  Zealot x3  
  141  14:19  Assimilator  
  141  14:23  Assimilator  
  141  14:29  Carrier  
  137  14:46  Carrier  
  137  14:51  Tempest, Carrier  
  137  14:52  Tempest  
  137  14:53  Carrier  
  163  15:09  Mothership  
  171  15:28  Protoss Shields Level 2  
  171  15:32  Tempest  
  174  15:36  Zealot  
  174  15:37  Zealot x4  
  174  15:39  Carrier  
  184  15:49  Protoss Air Weapons Level 3  
  190  16:02  Tempest x3  
  188  16:05  Tempest  
  180  16:12  Tempest  
  184  16:35  Pylon  
  184  16:38  Pylon  
  184  16:40  Pylon  
  184  16:50  Nexus  
  184  16:52  Pylon  
  184  16:53  Pylon  
  184  16:54  Carrier  
  190  16:58  Observer  
  190  17:00  Unknown  
  190  17:10  Tempest x2  
  158  17:39  Carrier x2  
  156  17:55  Carrier  
  150  18:07  Zealot x2  
  150  18:08  Zealot x3  
  132  18:50  Zealot x3  
  132  18:51  Zealot x2  
  142  19:02  Mothership  
  132  19:21  Zealot  
  132  19:22  Zealot  
  132  19:23  Zealot x2  
  132  19:24  Zealot  
  142  19:36  Dark Shrine  
  140  19:42  Nexus  
  138  19:50  Protoss Ground Weapons Level 2  
  132  19:54  Carrier  
  138  20:09  Protoss Air Armor Level 2  
  138  20:10  Nexus  
  138  20:16  Zealot x4  
  146  20:28  Pylon  
  118  20:59  Mothership  
  126  21:10  Probe x3  
  129  21:15  Carrier  
  135  21:34  Tempest x2  
  143  21:49  Dark Templar  
  143  21:50  Dark Templar x2  
  149  22:03  Zealot  
  151  22:11  Assimilator  
  151  22:17  Assimilator  
  151  22:18  Dark Templar  
  152  22:36  Probe x5  
  155  22:48  Probe  
  156  22:59  Pylon  
  133  23:53  Zealot x4  
Tags
 
Composition
CarriersCarriers
Matchup
PvP
Replay Pack
SC2Mai2026
Spawn Locations
Cross Positions
Add a new tag
Caveats
  • Supply blocks, unpowered buildings, or Contaminate may cause inaccurate times.
  • Supply counts are checked every 10 seconds.